Map: Orbital Shipyard

Players

Bankorok - Winner!

  • Race: Protoss Protoss
  • League: Platinum

Burt

  • Race: Terran Terran
  • League: Platinum

VOD

Have the link to the VOD?

Description

Time

  • Played on: Nov. 17, 2015, 9:38 p.m.
  • Length: 7:49
Show
View Real Time Build Order
Export as new Build Order

Bankorok Protoss - Winner!

Build Orders: Nexus First 

Get SALT Encoding   

  12  0:01  Probe (Chrono Boost)  
  13  0:11  Probe (Chrono Boost)  
  14  0:17  Pylon  
  14  0:22  Probe (Chrono Boost)  
  16  0:35  Probe (Chrono Boost)  
  16  0:57  Nexus  
  16  1:05  Gateway  
  16  1:08  Probe (Chrono Boost)  
  17  1:16  Assimilator  
  17  1:21  Probe (Chrono Boost)  
  17  1:22  Assimilator  
  18  1:31  Probe (Chrono Boost)  
  19  1:42  Pylon  
  19  1:46  Probe (Chrono Boost)  
  20  1:53  Cybernetics Core  
  20  1:56  Probe (Chrono Boost), Zealot  
  23  2:07  Probe (Chrono Boost)  
  24  2:09  Probe (Chrono Boost)  
  25  2:16  Pylon  
  25  2:21  Probe x2 (Chrono Boost)  
  27  2:29  Warp Gate  
  27  2:30  Stalker  
  29  2:41  Mothership Core (Chrono Boost)  
  31  2:47  Probe (Chrono Boost)  
  32  2:58  Probe (Chrono Boost)  
  33  3:11  Probe x2 (Chrono Boost)  
  34  3:22  Probe x2 (Chrono Boost)  
  34  3:24  Assimilator  
  36  3:27  Forge  
  36  3:29  Assimilator  
  36  3:32  Probe x2 (Chrono Boost)  
  36  3:33  Stalker  
  40  3:43  Probe x2 (Chrono Boost)  
  42  3:56  Probe x2 (Chrono Boost)  
  44  4:04  Photon Cannon  
  44  4:08  Pylon  
  44  4:18  Twilight Council, Photon Cannon  
  44  4:22  Probe x2 (Chrono Boost), Photon Cannon  
  46  4:29  Photon Cannon  
  46  4:41  Gateway  
  46  4:45  Gateway  
  46  4:53  Stalker, Gateway  
  50  5:07  Probe x2 (Chrono Boost)  
  50  5:23  Probe x2 (Chrono Boost)  
  50  5:26  Zealot  
  54  5:36  Probe (Chrono Boost)  
  54  5:41  Templar Archives  
  55  5:52  Charge (Chrono Boost)  
  55  6:06  Psionic Storm  
  55  6:11  Gateway  
  55  6:12  Gateway  
  55  6:16  Pylon  
  55  6:19  Pylon  
  55  6:22  Pylon  
  55  6:23  High Templar x3  
  61  6:26  Pylon  
  61  6:28  Pylon  
  61  6:34  High Templar  
  63  6:45  Gateway x2  
  63  6:47  Robotics Facility  
  63  6:49  Stargate  
  63  6:56  High Templar x2  
  66  7:10  High Templar x2  
  66  7:11  High Templar  
  66  7:14  High Templar  
  72  7:40  Zealot x2  
Show
View Real Time Build Order
Export as new Build Order

Burt Terran 

Build Orders: Reaper Expand 

Get SALT Encoding   

  12  0:01  SCV  
  13  0:13  SCV  
  14  0:17  Supply Depot  
  14  0:25  SCV  
  15  0:39  SCV  
  15  0:40  Barracks  
  16  0:44  Refinery  
  16  0:51  SCV  
  17  1:03  SCV  
  18  1:15  SCV  
  19  1:28  Reaper  
  19  1:29  Orbital Command  
  20  1:41  Command Center  
  20  1:55  SCV  
  20  1:56  Supply Depot  
  20  2:00  Barracks Reactor  
  21  2:07  SCV  
  22  2:21  SCV, Barracks  
  23  2:23  Barracks  
  23  2:34  SCV  
  24  2:44  Marine  
  24  2:46  SCV  
  26  3:13  Marine  
  26  3:14  Marine  
  26  3:15  Barracks Tech Lab x2  
  28  3:22  Refinery  
  28  3:23  Engineering Bay  
  28  3:24  Factory, Orbital Command  
  28  3:26  SCV  
  29  3:38  SCV  
  29  3:40  Marine  
  31  3:42  Marine x2  
  31  3:44  Combat Shields  
  33  3:50  SCV  
  33  3:54  SCV  
  35  4:02  SCV  
  36  4:06  SCV  
  36  4:07  Refinery x2  
  36  4:08  Marine x2  
  36  4:09  Factory Tech Lab, Marine  
  40  4:14  SCV  
  41  4:18  SCV, Starport  
  41  4:19  Missile Turret  
  41  4:23  Missile Turret  
  42  4:26  SCV  
  42  4:30  SCV  
  44  4:35  Supply Depot  
  44  4:38  SCV  
  44  4:45  Marine  
  46  4:53  Terran Infantry Armor Level 1  
  46  4:56  SCV x2, Siege Tank  
  46  4:57  Marauder  
  53  5:02  Supply Depot  
  53  5:08  SCV  
  53  5:13  Supply Depot  
  54  5:23  Supply Depot, Marine x3  
  54  5:24  SCV, Marauder, Medivac  
  62  5:35  SCV, Siege Tank  
  66  5:36  SCV  
  66  5:41  Marine  
  66  5:42  Marauder  
  70  5:45  Marauder  
  71  5:52  SCV x2  
  73  6:03  Marauder  
  75  6:04  SCV  
  75  6:07  Marauder  
  78  6:20  Supply Depot  
  78  6:22  Supply Depot  
  78  6:24  Command Center  
  78  6:27  Marine x2  
  78  6:28  Supply Depot, Siege Tank, Marauder  
  78  6:29  Missile Turret, Marauder  
  87  6:34  Starport Reactor  
  87  6:37  Missile Turret  
  87  6:45  Marine x2  
  89  6:49  Marauder  
  89  7:16  Marine x3  
  89  7:17  Marine  
Tags
 
Add a new tag
Caveats
  • Supply blocks, unpowered buildings, or Contaminate may cause inaccurate times.
  • Supply counts are checked every 10 seconds.